 Dungeon Crawl Stone Soup version 0.29-a0-418-gc0181ea820 (webtiles) character file.

Game seed: 5177827449110525108

751 holysushi the Cutter (level 7, -2/45 HPs)
             Began as an Octopode Artificer on May 18, 2022.
             Was an Initiate of Gozag.
             Slain by an ogre
             ... wielding a +0 giant club
              (33 damage)
             ... on level 5 of the Dungeon.
             The game lasted 00:06:19 (5369 turns).

holysushi the Cutter (Octopode Artificer)           Turns: 5369, Time: 00:06:22

Health: -2/45      AC:  1    Str: 11    XL:     7   Next: 78%
Magic:  2/2        EV: 13    Int: 13    God:    Gozag
Gold:   115        SH:  3    Dex: 15    Spells: 6/6 levels left

rFire   + . .      SeeInvis .   p - +5 rapier of the Little People {antimagic, Fly rF+}
rCold   . . .      Faith    .   y - +0 buckler
rNeg    . . .      Spirit   .   (helmet restricted)
rPois   .          Reflect  .   (no amulet)
rElec   .          Harm     .   (no ring)
rCorr   .          Rampage  .   (no ring)
Will    .....                   (no ring)
Stlth   ++++......              (no ring)
HPRegen 0.15/turn               (no ring)
MPRegen 0.08/turn               (no ring)
                                (no ring)
                                (no ring)

@: gold aura, flying
A: almost no armour, amphibious, 8 rings, camouflage 1, gelatinous body 1,
(nimble swimmer 1), tentacles
a: Renounce Religion, Potion Petition, Call Merchant, Bribe Branch


You were on level 5 of the Dungeon.
You worshipped Gozag.
Gozag was aware of your devotion.
You visited 1 branch of the dungeon, and saw 5 of its levels.

You collected 422 gold pieces.
You spent 280 gold pieces at shops.
You paid 27 gold pieces to Gozag.

Inventory:

Hand Weapons
 k - a +0 dagger
 n - a +0 short sword
 p - the +5 rapier of the Little People (weapon) {antimagic, Fly rF+}
   (You found it on level 2 of the Dungeon)

   It reduces the magical energy of the wielder, and disrupts the spells and
   magical abilities of those it strikes.
   Natural abilities and divine invocations are not affected.
   rF:        It protects you from fire.
   Fly:       It grants you flight.
Missiles
 j - 7 poisoned darts
Armour
 y - a +0 buckler (worn)
Wands
 b - a wand of flame (43) (quivered)
 c - a wand of charming (15)
 d - a wand of iceblast (21)
 f - a wand of acid (6)
Scrolls
 a - a scroll of fog {unknown}
 e - 2 scrolls of silence {unknown}
 h - a scroll of teleportation {unknown}
 o - 2 scrolls of noise {unknown}
 q - 5 scrolls of fear
 s - a scroll of enchant weapon {unknown}
 t - 2 scrolls of poison {unknown}
 w - a scroll of immolation {unknown}
 z - a scroll of blinking
 A - a scroll of magic mapping
Potions
 g - 2 potions of mutation
 i - 2 potions of curing {unknown}
 l - a potion of might {unknown}
 m - a potion of flight
 r - a potion of ambrosia
 u - a potion of attraction {unknown}
 v - a potion of berserk rage {unknown}
 x - a potion of resistance {unknown}


   Skills:
 - Level 2.5 Fighting
 + Level 7.3 Short Blades
 - Level 2.3 Dodging
 - Level 4.0 Stealth
 - Level 3.2 Evocations


You had 6 spell levels left.
You didn't know any spells.
Your spell library contained the following spells:

 Spells                   Type           Power      Damage    Failure   Level
 Magic Dart               Conj           0%         1d3       38%         1
 Searing Ray              Conj           0%         2d4       54%         2
 Fulminant Prism          Conj/Hex       0%         3d6       99%         4


Dungeon Overview and Level Annotations

Branches:
Dungeon (5/15)
 Temple: D:4-7

Altars:
Elyvilon
Gozag
Hepliaklqana
Nemelex Xobeh
Ru
Trog
Vehumet
Zin

Shops:
D:1 ?*:*[

Annotations:
D:2 exclusion: downstairs, Sigmund
D:4 exclusion: downstairs


Innate Abilities, Weirdness & Mutations

You cannot wear most types of armour.
You are amphibious.
You can wear up to eight rings at the same time.
Your skin changes colour to match your surroundings (Stealth+).
Your rubbery body absorbs attacks. (AC +1, EV +1)
((You are camouflaged when in or above water. (Stealth+)))
You have tentacles for arms and can constrict up to eight enemies at once.


Message History

You hit the black bear.
You squeeze the black bear, but do no damage.
The black bear is severely wounded.
You constrict the black bear. You hit the black bear.
The black bear is severely wounded.
You constrict the black bear.
The black bear goes berserk!
A hound comes into view.
The hound barks!
You puncture the black bear!
You kill the black bear!
Your life force feels restored.
Your Short Blades skill increases to level 7!
Unknown command.
The ogre is distracted by your dazzling golden aura.
The ogre is no longer distracted by gold.
A hound is nearby!
You swing at nothing.
You barely miss the hound. Your grab misses the hound.
The hound barely misses you.
You barely miss the hound. You grab the hound. You squeeze the hound!
The hound is heavily wounded.
You constrict the hound. You block the hound's attack.
You hit the hound.
The hound is severely wounded.
You constrict the hound. The hound bites you. You block the hound's attack.
You barely miss the hound. You squeeze the hound.
You kill the hound!
The ogre is distracted by your dazzling golden aura.
You swing at nothing.
You swing at nothing.
You see here 9 gold pieces.
The ogre shouts!
You puncture the ogre!
The ogre is no longer distracted by gold.
The ogre is moderately wounded.
The ogre hits you with a +0 giant club!!
Ouch! That really hurt!
You die...
Your body crumbles into a pile of gold.

#.... ... .... #.# #
#.. #.#.# #$# #.#>#
#h# ###.#.# #.#
#####.....## #.#
#..........#
#.####.#####.##.####
#.O@...## #........
######..# #........
##### #.##.####
##_## #.##.#
8...8##.##.#
#.....#####.#
8.....8 #.#
##.....## #..
#8...8# #.. #


You could see an ogre.

Vanquished Creatures
  Grinder (D:3)
  A black bear (D:5)
  An ogre (D:4)
  A necrophage (D:4)
  A scorpion (D:4)
  A hound (D:5)
  A jelly (D:5)
  An iguana (D:4)
  Ijyb (D:5)
  An orc wizard (D:5)
  Robin (D:3)
  4 adders
  A dart slug (D:2)
  3 orcs
  4 ball pythons
  4 endoplasms
  3 giant cockroaches
  18 goblins
  4 hobgoblins
  2 quokkas (D:1)
  4 bats
  3 kobolds
  4 rats
65 creatures vanquished.

Notes
Turn   | Place    | Note
-------+----------+-------------------------------------------
     0 | D:1      | holysushi the Octopode Artificer began the quest for the
                  | Orb.
     0 | D:1      | Reached XP level 1. HP: 13/13 MP: 1/1
    76 | D:1      | Found Luma's Book Emporium.
    84 | D:1      | Found Jasost's General Store.
   280 | D:1      | Found Wuorr's Magic Scroll Boutique.
   333 | D:1      | Reached XP level 2. HP: 19/19 MP: 2/2
   432 | D:1      | Found Rouh's General Store.
   603 | D:1      | Found Cecacer's Armour Shop.
  1104 | D:2      | Noticed Sigmund
  1645 | D:2      | Reached XP level 3. HP: 25/25 MP: 3/3
  1673 | D:2      | Reached skill level 1 in Short Blades
  1790 | D:2      | Identified the +5 rapier of the Little People {antimagic,
                  | Fly rF+}
  2060 | D:3      | Noticed Robin
  2295 | D:3      | Noticed Grinder
  2301 | D:3      | Killed Grinder
  2302 | D:3      | Reached skill level 4 in Short Blades
  2302 | D:3      | Reached XP level 4. HP: 20/30 MP: 1/4
  2302 | D:3      | Reached XP level 5. HP: 23/35 MP: 1/5
  2302 | D:3      | Reached XP level 6. HP: 27/41 MP: 2/6
  2726 | D:3      | Found an opulent altar of Gozag.
  2743 | D:3      | Became a worshipper of Gozag Ym Sagoz the Greedy
  2851 | D:3      | Found a faded altar of an unknown god.
  2942 | D:3      | Killed Robin
  3175 | D:3      | Found a sparkling altar of Nemelex Xobeh.
  3505 | D:4      | Found a white marble altar of Elyvilon.
  3526 | D:4      | Found a sacrificial altar of Ru.
  3527 | D:4      | Found a hazy altar of Hepliaklqana.
  3608 | D:4      | Reached skill level 5 in Short Blades
  3710 | D:4      | Reached XP level 7. HP: 30/45 MP: 2/7
  3848 | D:4      | Reached skill level 6 in Short Blades
  4566 | D:1      | Bought a +0 buckler for 45 gold pieces
  4566 | D:1      | Bought a scroll of blinking for 75 gold pieces
  4585 | D:1      | Bought a scroll of magic mapping for 42 gold pieces
  4585 | D:1      | Bought a scroll of fear for 42 gold pieces
  4585 | D:1      | Bought a scroll of identify for 24 gold pieces
  4629 | D:1      | Bought a scroll of identify for 26 gold pieces
  4629 | D:1      | Bought a scroll of identify for 26 gold pieces
  4685 | D:5      | Entered Level 5 of the Dungeon
  4685 | D:5      | Found a glowing silver altar of Zin.
  4815 | D:5      | Noticed Ijyb
  4825 | D:5      | Killed Ijyb
  4996 | D:5      | Found a radiant altar of Vehumet.
  5334 | D:5      | Found a bloodstained altar of Trog.
  5355 | D:5      | Reached skill level 7 in Short Blades
  5369 | D:5      | Slain by an ogre

Illustrated notes

Levels and vault maps discovered:
D:1:      ncdulo_wetmaze, layout_basic, serial_shops, shop,
          nicolae_shop_hallway_plus, nicolae_shop_trees,
          nicolae_shop_waterfront, shop
D:2:      layout_rooms, minivault_5, uniq_sigmund
D:3:      layout_loops_corners, general_overflow_altar,
          nicolae_gozag_cash_rules_everything_around_me,
          hellmonk_ecumenical_altar_arch_garden, uniq_grinder, uniq_robin
D:4:      kennysheep_spiral_hall, layout_basic,
          chequers_temple_overflow_statue_of_worship
D:5:      layout_loops_ring, lemuel_round_altar, nicolae_vehumet_radiance,
          nicolae_overflow_hidden_temple, temple_fountains, uniq_ijyb

Skill      XL: |  1  2  3  4  5  6  7 |
---------------+----------------------+-----
Fighting       | 2 |  2.5
Short Blades   | 4 5 7 |  7.3
Stealth        | 4 |  4.0
Dodging        | |  2.3
Evocations     | |  3.2

Action                   |  1- 3 |  4- 6 |  7- 9 || total
-------------------------+-------+-------+-------++-------
Melee: Unarmed           |    43 |       |       ||    43
       Constrict         |    22 |     7 |     6 ||    35
       Tentacles         |    21 |     5 |    10 ||    36
       Punch             |     1 |       |     1 ||     2
       Dagger            |     7 |       |       ||     7
       Short sword       |     9 |       |       ||     9
       Rapier            |    12 |    44 |    29 ||    85
  Use: Scroll            |       |       |     5 ||     5
       Potion            |       |       |     2 ||     2
 Stab: Sleeping          |     5 |     5 |     3 ||    13
       Invisible         |       |       |     2 ||     2
Armor: Skin              |     5 |     6 |       ||    11
Dodge: Dodged            |    65 |    24 |    16 ||   105
Block: Buckler           |       |       |     5 ||     5

Table legend: (Time is in decaauts)
 A = Elapsed time spent in this place.
 B = Non-inter-level travel time spent in this place.
 C = Inter-level travel time spent in this place.
 D = Time resting spent in this place.
 E = Time spent auto-exploring this place.
 F = Levels seen in this place.
 G = Mean time per level.
                   A        B        C        D        E       F      G
               +--------+--------+--------+--------+--------+-----+--------+
         Total |   5370 |   4969 |    401 |   1653 |   2645 |   5 | 1074.0 |
       Dungeon |   5370 |   4969 |    401 |   1653 |   2645 |   5 | 1074.0 |
               +--------+--------+--------+--------+--------+-----+--------+

Top non-repeatable levels by time:
     D:1: 1360 daAuts
     D:3: 1333 daAuts
     D:4: 1249 daAuts
     D:2: 1028 daAuts
     D:5: 399 daAuts
